 Dungeon Crawl Stone Soup version 0.30-a0-830-gfe289a77b0 (webtiles) character file.

Game seed: 17474355138683162880

1491 Pimp the Sneak (level 8, -9/54 HPs)
             Began as an Octopode Monk on Feb 28, 2023.
             Mangled by a gnoll sergeant
             ... wielding a +0 trident
              (15 damage)
             ... on level 6 of the Dungeon.
             The game lasted 00:13:18 (4297 turns).

Pimp the Sneak (Octopode Monk)                      Turns: 4297, Time: 00:13:18

Health: -9/54      AC:  1    Str: 12    XL:     8   Next: 80%
Magic:  30/30      EV: 15    Int: 15    God:
Gold:   212        SH:  0    Dex: 14    Spells: 9/12 levels left

rFire   . . .      SeeInvis .    q - +9 triple crossbow "Ostreuf" {heavy, rPois rC- MP+9 Str+2}
rCold   x . .      Faith    .    (shield currently unavailable)
rNeg    . . .      Spirit   .    (helmet restricted)
rPois   +          Reflect  .    (no amulet)
rElec   .          Harm     .    b - ring of magical power
rCorr   .          Rampage  .    (no ring)
Will    .....                    (no ring)
Stlth   ++++                     (no ring)
HPRegen 0.29/turn                (no ring)
MPRegen 0.22/turn                (no ring)
                                 (no ring)
                                 (no ring)

@: no status effects
A: almost no armour, amphibious, 8 rings, camouflage 1, gelatinous body 1,
(nimble swimmer 1), tentacles
a: no special abilities


You were on level 6 of the Dungeon.
You visited 1 branch of the dungeon, and saw 6 of its levels.

You collected 212 gold pieces.

Inventory:

Hand Weapons
 q - the +9 triple crossbow "Ostreuf" (weapon) {heavy, rPois rC- MP+9 Str+2}
   (You found it on level 3 of the Dungeon)

   Str:       It affects your strength (+2).
   rC:        It makes you vulnerable to cold.
   rPois:     It protects you from poison.
   MP:        It affects your magic capacity (+9).
Missiles
 e - 3 silver boomerangs
Armour
 f - an orb of energy
Jewellery
 b - a ring of magical power (left tentacle)
 g - an amulet of faith
 n - an amulet of faith
Wands
 l - a wand of flame (16)
 p - a wand of acid (9)
Scrolls
 j - 3 scrolls of magic mapping
 t - 2 scrolls of noise
Potions
 a - a potion of ambrosia
 c - 2 potions of attraction
 d - 2 potions of resistance
 h - a potion of curing
 i - 3 potions of cancellation
 k - a potion of berserk rage
 m - 3 potions of heal wounds
 o - 2 potions of flight {unknown}
 u - a potion of mutation {unknown}
 v - a potion of degeneration {unknown}
 w - 2 potions of might {unknown}


   Skills:
 + Level 4.8 Fighting
 + Level 2.6 Ranged Weapons
 + Level 4.8 Dodging
 + Level 6.0 Stealth
 + Level 5.3 Unarmed Combat
 + Level 2.9 Spellcasting
 + Level 2.3 Conjurations
 + Level 2.4 Summonings
 + Level 3.7 Evocations


You had 9 spell levels left.
You knew the following spells:

 Your Spells              Type           Power      Damage    Failure   Level
a - Magic Dart            Conj           36%        1d4       8%          1
b - Call Imp              Summ           9%         N/A       12%         2

Your spell library contained the following spells:

 Spells                   Type           Power      Damage    Failure   Level
 Lesser Beckoning         Tloc           4%         N/A       30%         2
 Mephitic Cloud           Conj/Pois/Air  4%         N/A       41%         3
 Gell's Gravitas          Tloc           2%         N/A       52%         3
 Teleport Other           Tloc           2%         N/A       52%         3


Dungeon Overview and Level Annotations

Branches:
Dungeon (6/15)
 Temple: D:4-7

Altars:
Vehumet


Innate Abilities, Weirdness & Mutations

You cannot wear most types of armour.
You are amphibious.
You can wear up to eight rings at the same time.
Your skin changes colour to match your surroundings (Stealth+).
Your rubbery body absorbs attacks. (AC +1, EV +1)
((You are camouflaged when in or above water. (Stealth+)))
You have tentacles for arms and can constrict up to eight enemies at once.


Message History

The gnoll moves out of view.
You hear a shout!
Fire: q) +9 triple crossbow "Ostreuf" {heavy, rPois rC- MP+9 Str+2}
Press: ? - help, Q - select action, (/) - cycle Shift-Dir - straight line, f - gnoll
Aim: a gnoll, wielding a +0 spear (70% to hit)
You shoot a bolt. The bolt barely misses the gnoll.
The gnoll sergeant shouts!
You hear a shout!
The gnoll barely misses you.
The gnoll hits you from afar with a +0 spear. x2
Fire: q) +9 triple crossbow "Ostreuf" {heavy, rPois rC- MP+9 Str+2}
Press: ? - help, Q - select action, (/) - cycle Shift-Dir - straight line, f/p - gnoll
Aim: a gnoll, wielding a +0 spear (70% to hit)
You shoot a bolt. The bolt hits the gnoll!!
You kill the gnoll!
You hear a shout!
The gnoll hits you from afar with a +0 spear.
The gnoll closely misses you. x2
Fire: q) +9 triple crossbow "Ostreuf" {heavy, rPois rC- MP+9 Str+2}
Press: ? - help, Q - select action, (/) - cycle Shift-Dir - straight line, f - gnoll
Aim: a gnoll, wielding a +0 spear (70% to hit)
You shoot a bolt. The bolt hits the gnoll!!
You kill the gnoll!
The gnoll sergeant misses you.
Fire: q) +9 triple crossbow "Ostreuf" {heavy, rPois rC- MP+9 Str+2}
Press: ? - help, Q - select action, (/) - cycle Shift-Dir - straight line, f - gnoll sergeant
Aim: a gnoll sergeant, wielding a +0 trident and wearing a +0 scale mail (73% to hit)
You shoot a bolt.
The bolt barely misses the gnoll sergeant.
The gnoll sergeant misses you.
The gnoll sergeant hits you from afar with a +0 trident! x2
Fire: q) +9 triple crossbow "Ostreuf" {heavy, rPois rC- MP+9 Str+2}
Press: ? - help, Q - select action, (/) - cycle Shift-Dir - straight line, f/p - gnoll sergeant
Aim: a gnoll sergeant, wielding a +0 trident and wearing a +0 scale mail (73% to hit)
You shoot a bolt. The bolt hits the gnoll sergeant!
The gnoll sergeant is heavily wounded.
The gnoll sergeant hits you from afar with a +0 trident!
* * * LOW HITPOINT WARNING * * *
The gnoll sergeant hits you from afar with a +0 trident!
You die...

##...##......##...
#..#..##....###.##
##..)## ##.#.#.##
#.....†.#
###.#.###
##.......#
#(#.#.#.#$#
#..@.....$#
#####g##### #.gg
##.)). ?..). ....
)


You could see a gnoll sergeant and 2 gnolls.

Vanquished Creatures
  Sigmund (D:2)
  A black bear (D:4)
  2 ogres
  A bullfrog (D:6)
  A necrophage (D:5)
  2 scorpions
  3 orc priests
  2 jellies
  2 gnoll boudas
  6 hounds
  Jessica (D:2)
  An iguana (D:5)
  3 orc wizards
  6 adders
  14 gnolls
  An ufetubus (D:4)
  2 worms
  4 dart slugs
  14 orcs
  6 ball pythons
  2 endoplasms
  4 giant cockroaches
  9 hobgoblins
  4 jackals (D:3)
  12 kobolds
  3 quokkas
  A bat (D:3)
  6 frilled lizards
  12 goblins
  7 rats
133 creatures vanquished.

Notes
Turn   | Place    | Note
-------+----------+-------------------------------------------
     0 | D:1      | Pimp the Octopode Monk began the quest for the Orb.
     0 | D:1      | Reached XP level 1. HP: 16/16 MP: 1/1
     6 | D:1      | Noticed a snapping turtle
     6 | D:1      | Noticed a scorpion
     6 | D:1      | Noticed a polar bear
     7 | D:1      | Noticed a salamander
     7 | D:1      | Noticed a hound
   145 | D:1      | Found a faded altar of an unknown god.
   149 | D:1      | Reached skill level 3 in Stealth
   152 | D:1      | Reached XP level 2. HP: 21/21 MP: 2/2
   538 | D:1      | Reached XP level 3. HP: 25/26 MP: 3/3
   874 | D:2      | Noticed Jessica
   880 | D:2      | Killed Jessica
   942 | D:2      | Reached XP level 4. HP: 28/31 MP: 4/4
  1099 | D:2      | Noticed Sigmund
  1114 | D:2      | Killed Sigmund
  1115 | D:2      | Reached skill level 4 in Stealth
  1115 | D:2      | Reached skill level 1 in Spellcasting
  1115 | D:2      | Reached skill level 1 in Evocations
  1115 | D:2      | Reached XP level 5. HP: 32/37 MP: 6/6
  1115 | D:2      | Reached XP level 6. HP: 37/43 MP: 7/7
  1753 | D:3      | Identified the +9 triple crossbow "Ostreuf" {heavy, rPois
                  | rC- MP+9 Str+2}
  2089 | D:3      | Learned a level 1 spell: Magic Dart
  2092 | D:3      | Learned a level 2 spell: Call Imp
  2300 | D:4      | Noticed a black bear
  2400 | D:4      | Reached XP level 7. HP: 48/48 MP: 9/9
  2423 | D:4      | Reached skill level 1 in Ranged Weapons
  2423 | D:4      | Reached skill level 1 in Summonings
  2424 | D:4      | Reached skill level 1 in Conjurations
  2603 | D:4      | Reached skill level 5 in Stealth
  3103 | D:5      | Entered Level 5 of the Dungeon
  3107 | D:5      | Reached XP level 8. HP: 54/54 MP: 11/11
  3117 | D:5      | Found a radiant altar of Vehumet.
  3373 | D:5      | Reached skill level 5 in Unarmed Combat
  3382 | D:5      | HP: 1/54 [gnoll/+1 spear of venom[a gnoll bouda] (2)]
  4290 | D:6      | Reached skill level 6 in Stealth
  4297 | D:6      | Mangled by a gnoll sergeant

Illustrated notes

Levels and vault maps discovered:
D:1:      onia_arrival_zoo_common, layout_loops_cross,
          chequers_ecumenical_altar_island
D:2:      layout_loops_ring, chequers_serial_rivers_micro_d, uniq_sigmund,
          uniq_jessica
D:3:      layout_rooms, minmay_diced_spiral
D:4:      layout_basic, cheibrodos_gnoll_hut
D:5:      layout_cave_pods, nicolae_vehumet_altar_sigil,
          minmay_misc_feat_enclosed
D:6:      minmay_spotlight, layout_basic, nicolae_wu_jian_wuxing_cycle,
          minmay_temple_entry_arrows, st_stairs_5

Skill      XL: |  1  2  3  4  5  6  7  8 |
---------------+-------------------------+-----
Stealth        | 3 4 5 6 |  6.0
Unarmed Combat | 4 5 |  5.3
Spellcasting   | 1 2 |  2.9
Evocations     | 1 2 3 |  3.7
Dodging        | 4 |  4.8
Fighting       | 4 |  4.8
Ranged Weapons | 1 2 |  2.6
Summonings     | 1 2 |  2.4
Conjurations   | 1 2 |  2.3

Action                     |  1- 3 |  4- 6 |  7- 9 || total
---------------------------+-------+-------+-------++-------
  Melee: Unarmed           |    52 |    53 |       ||   105
         Constrict         |    13 |    13 |       ||    26
         Tentacles         |     5 |    10 |       ||    15
         Punch             |     1 |     1 |       ||     2
   Fire: Triple crossbow   |       |    43 |    73 ||   116
   Cast: Call Imp          |       |       |     2 ||     2
    Use: Scroll            |       |    11 |     7 ||    18
         Potion            |       |       |     6 ||     6
   Stab: Sleeping          |    11 |     7 |       ||    18
 Armour: Skin              |     3 |     4 |     2 ||     9
  Dodge: Dodged            |    36 |    58 |    83 ||   177

Table legend: (Time is in decaauts)
 A = Elapsed time spent in this place.
 B = Non-inter-level travel time spent in this place.
 C = Inter-level travel time spent in this place.
 D = Time resting spent in this place.
 E = Time spent auto-exploring this place.
 F = Levels seen in this place.
 G = Mean time per level.
                   A        B        C        D        E       F      G
               +--------+--------+--------+--------+--------+-----+--------+
         Total |   4558 |   4341 |    217 |    734 |   2442 |   6 |  759.7 |
       Dungeon |   4558 |   4341 |    217 |    734 |   2442 |   6 |  759.7 |
               +--------+--------+--------+--------+--------+-----+--------+

Top non-repeatable levels by time:
     D:5: 1097 daAuts
     D:1: 920 daAuts
     D:4: 867 daAuts
     D:2: 803 daAuts
     D:3: 671 daAuts
     D:6: 199 daAuts
